 Dungeon Crawl Stone Soup version 0.28.0 (webtiles) character file.

Game seed: 6244648341004685535

94 crazypyro the Digger (level 4, -1/24 HPs)
             Began as a Gargoyle Earth Elementalist on Feb 8, 2022.
             Killed by divine providence
             ... invoked by an orc priest
              (15 damage)
             ... on level 3 of the Dungeon.
             The game lasted 00:03:10 (3055 turns).

crazypyro the Digger (Gargoyle Earth Elementalist)  Turns: 3055, Time: 00:03:10

Health: -1/24      AC:  6    Str: 11    XL:     4   Next: 63%
Magic:  4/8        EV: 15    Int: 18    God:
Gold:   199        SH:  0    Dex: 10    Spells: 5/9 levels left

rFire   . . .      SeeInvis +   d - +0 whip
rCold   . . .      Faith    .   (no shield)
rNeg    + . .      Spirit   .   b - +0 robe
rPois   ∞          Reflect  .   (no helmet)
rElec   +          Harm     .   (no cloak)
rCorr   .          Rampage  .   i - +0 pair of gloves
Will    .....                   (no boots)
Stlth   ++........              h - amulet of regeneration
HPRegen 0.88/turn               f - ring of see invisible
MPRegen 0.11/turn               m - +4 ring of evasion

@: no status effects
A: sickness immunity, AC +3, negative energy resistance 1, electricity
resistance, torment resistance 1, petrification resistance
a: no special abilities


You were on level 3 of the Dungeon.
You visited 1 branch of the dungeon, and saw 3 of its levels.

You collected 199 gold pieces.

Inventory:

Hand Weapons
 d - a +0 whip (weapon)
 q - a +0 morningstar
Missiles
 c - 97 stones
 e - 2 boomerangs
Armour
 b - a +0 robe (worn)
 i - a +0 pair of gloves (worn)
Jewellery
 f - a ring of see invisible (left hand)
 h - an amulet of regeneration (around neck)
 m - a +4 ring of evasion (right hand)
Scrolls
 a - 3 scrolls of identify {unknown}
 g - a scroll of teleportation {unknown}
 l - a scroll of immolation {unknown}
 n - a scroll of acquirement {unknown}
 p - a scroll of fear {unknown}
 r - a scroll of enchant weapon {unknown}
Potions
 j - a potion of lignification {unknown}
 k - a potion of might {unknown}
 o - a potion of curing {unknown}


   Skills:
 - Level 1.5 Dodging
 - Level 2.1 Stealth
 + Level 3.0 Spellcasting
 + Level 1.7 Conjurations
 - Level 1.2 Transmutations
 + Level 4.6 Earth Magic


You had 5 spell levels left.
You knew the following spells:

 Your Spells              Type           Power      Damage    Failure   Level
a - Sandblast             Erth           38%        2d10      2%          1
b - Stone Arrow           Conj/Erth      28%        3d8       13%         3

Your spell library contained the following spells:

 Spells                   Type           Power      Damage    Failure   Level
 Passwall                 Tmut/Erth      10%        N/A       8%          2
 Petrify                  Tmut/Erth      13%        N/A       43%         4


Dungeon Overview and Level Annotations

Branches:
Dungeon (3/15)

Altars:

Shops:
D:1 *   D:2 *


Innate Abilities, Weirdness & Mutations

You are immune to sickness and miasma.
Your stone body is resilient. (AC +3)
You are immune to poison.
You resist negative energy. (rN+)
You are resistant to electric shocks. (rElec)
You are resistant to unholy torment.
You are immune to petrification.


Message History

A bat comes into view.
The endoplasm quivers.
The blast of sand hits the endoplasm!
You kill the endoplasm!
You can't see any susceptible monsters within range! (Use Z to cast anyway.)
The bat barely misses you.
The blast of sand hits the bat.
You kill the bat!
A quokka comes into view.
A quokka is nearby!
The blast of sand hits the quokka!
You kill the quokka!
An orc priest comes into view. It is wielding a +0 hand axe.
The orc priest shouts!
You hear a shout!
An orc comes into view. It is wielding a +0 mace.
You see here a scroll labelled MESSIMADWO.
There are monsters nearby!
An orc comes into view. It is wielding a +0 flail.
The orc priest looks satisfied for a moment.
The blast of sand hits the orc priest but does no damage.
The orc shouts!
An orc comes into view. It is wielding a +0 mace.
The blast of sand hits the orc priest but does no damage.
The orc shouts!
The blast of sand hits the orc priest but does no damage.
The orc priest hits you but does no damage.
The blast of sand hits the orc priest but does no damage.
The orc priest hits you with a +0 hand axe.
The blast of sand hits the orc priest but does no damage.
The orc closely misses you. The orc priest misses you.
The orc throws a boomerang.
The boomerang hits you but does no damage.
The orc priest invokes the aid of Beogh against you.
Beogh smites you!
Ouch! That really hurt!
The orc priest invokes the aid of Beogh against you.
Beogh smites you!
Ouch! That really hurt!
You die...

#.......######..#
##.....#######..#
##.............##
##..#########..# ##########.#
##.# #.$.....##.####### #.##
########.?.....##.......# #..#
#........oo.............# ##.#
#.####...o.o....@############)#
#...#####...# ........### #...#
#...# ##########[... #...#
##### #......# #.### #...#
#.####.# #.... #...#
#.####.###.### #####
###+#..........###
#........#.#......
#........#.#.#####


You could see an orc priest and 3 orcs.

Vanquished Creatures
  3 adders
  3 dart slugs (D:2)
  4 orcs
  6 ball pythons
  2 endoplasms
  5 giant cockroaches
  2 goblins
  6 hobgoblins
  2 jackals (D:3)
  4 quokkas
  3 bats
  4 frilled lizards
  2 kobolds
  9 rats
55 creatures vanquished.

Notes
Turn   | Place    | Note
-------+----------+-------------------------------------------
     0 | D:1      | crazypyro the Gargoyle Earth Elementalist began the quest
                  | for the Orb.
     0 | D:1      | Reached XP level 1. HP: 10/10 MP: 3/3
   139 | D:1      | Reached skill level 1 in Transmutations
   345 | D:1      | Found Rystren's Assorted Antiques.
   411 | D:1      | Reached XP level 2. HP: 15/15 MP: 3/5
   703 | D:1      | Reached skill level 4 in Earth Magic
  1425 | D:2      | Reached XP level 3. HP: 19/19 MP: 3/6
  1429 | D:2      | Learned a level 3 spell: Stone Arrow
  1617 | D:2      | Reached skill level 1 in Conjurations
  1712 | D:2      | Reached XP level 4. HP: 24/24 MP: 1/8
  1889 | D:2      | Found Rorui's General Store.
  2412 | D:2      | Found a faded altar of an unknown god.
  3055 | D:3      | Killed from afar by an orc priest

Illustrated notes

Levels and vault maps discovered:
D:1:      dpeg_arrival_solitude, layout_loops_ring, serial_shops, shop
D:2:      minmay_skewed_foursquare, layout_rooms, serial_shops, shop_coins,
          shapermc_ecumenical_altar_mp_urbaneastern, serial_co_window_serial,
          co_window_paths_b, co_window_paths_a, co_window_cross_1,
          co_window_corner_a, co_window_paths_b, co_window_corner_a,
          co_window_corner_a, co_window_corner_a, co_window_paths_b,
          co_window_unsneaky_path_e, co_window_paths_c,
          co_window_of_opportunity_b, glass_columns_c, glass_columns_a,
          glass_columns_b
D:3:      minmay_general_purpose_star, layout_basic, uniq_grinder

Skill      XL: |  1  2  3  4 |
---------------+-------------+-----
Transmutations | 1 |  1.2
Earth Magic    | 4 |  4.6
Conjurations   | 1 |  1.7
Spellcasting   | 3 |  3.0
Dodging        | |  1.5
Stealth        | |  2.1

Action                   |  1- 3 |  4- 6 || total
-------------------------+-------+-------++-------
Melee: Whip              |     5 |       ||     5
 Cast: Sandblast         |    49 |    29 ||    78
 Stab: Sleeping          |     1 |       ||     1
Armor: Robe              |    10 |     4 ||    14
Dodge: Dodged            |    19 |     3 ||    22
